 Dungeon Crawl Stone Soup version 0.28-a0-1339-ga5422284a4 (webtiles) character file.

Game seed: 6406047960771094430

748 wakim the Skirmisher (level 8, -3/61 HPs)
             Began as a Djinni Conjurer on Dec 28, 2021.
             Was an Initiate of Ashenzari.
             Slain by Duvessa (5 damage)
             ... on level 4 of the Dungeon.
             The game lasted 00:11:12 (5388 turns).

wakim the Skirmisher (Djinni Conjurer)              Turns: 5388, Time: 00:11:12

Health: -3/61      AC:  6    Str:  6    XL:     8   Next: 6%
Gold:   151        EV: 12    Int: 21    God:    Ashenzari [......] SH:  0 Dex: 13

rFire   + + .      SeeInvis .   a - +0 dagger
rCold   x . .      Faith    .   (no shield)
rNeg    . . .      Spirit   .   b - +0 robe
rPois   ∞          Reflect  .   U - +2 helmet
rElec   .          Harm     .   W - +0 cloak
rCorr   .          Rampage  .   (no gloves)
Will    ++...                   (boots unavailable)
Stlth   ++........              (no amulet)
HPRegen 0.20/turn               Y - ring of willpower
MPRegen 0.00/turn               V - ring of willpower

@: flying, hasted, very quick
A: sickness immunity, fire resistance 2, cold vulnerability 1, float, innate
caster, hp casting, extra vitality 1
a: Renounce Religion


You were on level 4 of the Dungeon.
You worshipped Ashenzari.
Ashenzari was noncommittal.
You visited 2 branches of the dungeon, and saw 5 of its levels.

You collected 151 gold pieces.

Inventory:

Hand Weapons
 a - a +0 dagger (weapon)
Armour
 b - a +0 robe (worn)
 U - a +2 helmet (worn)
 W - a +0 cloak (worn)
Jewellery
 V - a ring of willpower (right hand)
 Y - a ring of willpower (left hand)
Wands
 y - a wand of paralysis (5)
Scrolls
 r - a scroll of identify
 S - a scroll of summoning
 T - 2 scrolls of teleportation
 X - 2 scrolls of fog
Potions
 D - 2 potions of brilliance
 F - 2 potions of curing
 I - a potion of invisibility
 N - 2 potions of might
 R - a potion of attraction {unknown}
 Z - a potion of degeneration {unknown}


   Skills:
 + Level 5.7 Fighting
 - Level 2.1 Dodging
 - Level 1.5 Stealth
 + Level 5.6 Spellcasting


You couldn't memorise any spells.
You knew the following spells:

 Your Spells              Type           Power      Damage    Failure   Level
a - Magic Dart            Conj           100%       1d8       1%          1
b - Dazzling Flash        Conj/Hex       58%        N/A       3%          3
c - Sting                 Tmut/Pois      100%       1d8       1%          1
d - Static Discharge      Conj/Air       29%        N/A       1%          2
e - Tukima's Dance        Hex            29%        N/A       3%          3
s - Searing Ray           Conj           58%        2d6       1%          2
x - Iskenderun's Mystic   Conj/Tloc      29%        2d7       10%         4
z - Fulminant Prism       Conj/Hex       14%        3d9       10%         4
Your spell library was empty.

Dungeon Overview and Level Annotations

Branches:
Dungeon (4/15)             Temple (1/1) D:4

Altars:
Ashenzari
Cheibriados
Fedhas
Hepliaklqana
Okawaru
Sif Muna
Trog
Uskayaw
Vehumet
Wu Jian
Zin

Shops:
D:1 [   D:4 *

Annotations:
D:4 Duvessa


Innate Abilities, Weirdness & Mutations

You are immune to sickness and miasma.
You are immune to poison.
Your flesh is very heat resistant. (rF++)
You are vulnerable to cold. (rC-)
You float through the air rather than walking.
You learn spells naturally, not from books.
Your magical power is your life essence.
You have superior vitality. (+4 MHP)


Message History

Duvessa barely misses you. Duvessa barely misses you.
Duvessa rages.
Duvessa rages.
Natasha casts a spell.
Things that are here:
a +0 scale mail; a +0 club
Things that are here:
a +0 robe; a +0 dagger Duvessa hits you!
* * * LOW HITPOINT WARNING * * *
Casting: Iskenderun's Mystic Blast (dangerous; 10% risk of failure)
Confirm with . or Enter, or press ? or * to list all spells.
Aiming: Searing Ray (safe; 1% risk of failure)
Press: ? - help, Shift-Dir - straight line, f/p - Duvessa
Aim: Duvessa, wearing a +0 scale mail (severely wounded, berserk, 85% to hit)
The searing ray hits Duvessa.
Duvessa is severely wounded.
The searing ray hits Natasha.
Natasha is moderately wounded. (Press . to maintain the ray.)
* * * LOW HITPOINT WARNING * * *
Natasha mumbles some strange words.
Duvessa hits you but does no damage.
The searing ray hits Duvessa.
Duvessa is almost dead.
The searing ray hits Natasha!
Natasha is almost dead.
* * * LOW HITPOINT WARNING * * *
The searing ray hits Duvessa.
Duvessa is almost dead.
The searing ray hits Natasha.
You kill Natasha!
You feel Natasha's spirit has finally been put to rest.
The crimson imp disappears in a puff of smoke!
* * * LOW HITPOINT WARNING * * *
Duvessa hits you.
* * * LOW HITPOINT WARNING * * *
Duvessa hits you.
You die...

.####.#####.#...................#
......# #.##########.##########
####### #.###### ##.## ###
######......# #.5.# #..
#........##.# #...# #.#
#..(......#.## #...# #.#
######.#.##.......# #...# #.#
.....#.#..........###...######.#.
......#...#....#@e[[.........#<..
.....###........[.........."....#
......#.......##...§.......>.#...
⌠....#.##.#.>.....###...####.....
...######.###.##### #...# #.#...
>.⌠# #...#.# #...# #.#.#.
..(######.#.#.# #...# #.#...
⌠.........#.#.# #...####.###.
....#####..[..# ##.......###.


You could see Duvessa (berserk).

Vanquished Creatures
  Grinder (D:4)
  Sigmund (D:4)
  Dowan (D:4)
  Ijyb (D:3)
  An iguana (D:4)
  3 orc wizards (D:4)
  Natasha (thrice) (D:4)
  8 adders
  An adder skeleton (D:4)
  2 worms
  4 dart slugs
  3 orcs (D:4)
  6 endoplasms
  6 giant cockroaches
  3 goblins
  3 hobgoblins
  6 jackals
  9 kobolds
  2 quokkas
  4 ball pythons
  5 bats
  3 frilled lizards
  A quokka skeleton (D:4)
  5 rats
82 creatures vanquished.

Vanquished Creatures (others)
  A dancing weapon (D:4)
1 creature vanquished.

Grand Total: 83 creatures vanquished

Notes
Turn   | Place    | Note
-------+----------+-------------------------------------------
     0 | D:1      | wakim the Djinni Conjurer began the quest for the Orb.
     0 | D:1      | Reached XP level 1. HP: 15/15 MP: 0/0
   521 | D:1      | Reached XP level 2. HP: 19/22 MP: 0/0
   557 | D:1      | Reached skill level 1 in Fighting
   689 | D:1      | Found Toogorim's Antique Armour Emporium.
  1518 | D:1      | Found a faded altar of an unknown god.
  1604 | D:2      | Reached XP level 3. HP: 22/27 MP: 0/0
  1604 | D:2      | Learned a level 1 spell: Sting
  1660 | D:2      | Found an iron altar of Okawaru.
  2298 | D:2      | Reached XP level 4. HP: 18/33 MP: 0/0
  3019 | D:3      | Noticed Ijyb
  3041 | D:3      | Killed Ijyb
  3042 | D:3      | Reached XP level 5. HP: 13/40 MP: 0/0
  3042 | D:3      | Learned a level 2 spell: Static Discharge
  4086 | D:4      | Noticed Grinder
  4088 | D:4      | Reached XP level 6. HP: 35/46 MP: 0/0
  4298 | D:4      | Noticed Sigmund
  4307 | D:4      | Killed Grinder
  4308 | D:4      | Reached skill level 5 in Spellcasting
  4308 | D:4      | Reached XP level 7. HP: 44/53 MP: 0/0
  4308 | D:4      | Learned a level 3 spell: Tukima's Dance
  4351 | D:4      | Noticed Natasha
  4360 | D:4      | Killed Natasha
  4361 | D:4      | Found Xamechud's Neck Hole.
  4584 | D:4      | Killed Sigmund
  4585 | D:4      | Reached skill level 5 in Fighting
  4724 | D:4      | Noticed Natasha
  4729 | D:4      | Killed Natasha
  4911 | D:4      | Found a staircase to the Ecumenical Temple.
  4923 | Temple   | Entered the Ecumenical Temple
  5166 | Temple   | Became a worshipper of Ashenzari the Shackled
  5326 | D:4      | Noticed Dowan
  5339 | D:4      | Noticed Duvessa
  5352 | D:4      | Killed Dowan
  5353 | D:4      | Reached XP level 8. HP: 30/61 MP: 0/0
  5374 | D:4      | Noticed Natasha
  5388 | D:4      | Killed Natasha
  5388 | D:4      | HP: 2/61 [Duvessa (2)]
  5388 | D:4      | Slain by Duvessa

Illustrated notes

Levels and vault maps discovered:
D:1:      minmay_arrival_hallway, layout_loops_corners,
          shapermc_ecumenical_altar_notcrosses, serial_shops,
          nicolae_shop_hallway_stairs
D:2:      layout_basic, basic_altar, dk_vineyard_1, minmay_3d_cube
D:3:      layout_basic, uniq_ijyb
D:4:      layout_loops_cross, mainiacjoe_overflow_brackets,
          chequers_temple_overflow_minitemple, temple_fountains,
          nicolae_shop_sticking_my_neck_out, uniq_natasha, uniq_grinder,
          uniq_sigmund, uniq_duvessa
Temple:   jpeg_temple_alley_garden

Skill      XL: |  1  2  3  4  5  6  7 |
---------------+----------------------+-----
Fighting       | 1 2 3 4 5 |  5.7
Spellcasting   | 4 5 |  5.6
Dodging        | |  2.1
Stealth        | |  1.5

Action                   |  1- 3 |  4- 6 |  7- 9 || total
-------------------------+-------+-------+-------++-------
Melee: Dagger            |       |       |     2 ||     2
 Cast: Magic Dart        |    21 |     6 |       ||    27
       Searing Ray       |    20 |    34 |    15 ||    69
       Iskenderun's Myst |       |       |     8 ||     8
       Tukima's Dance    |       |       |     2 ||     2
       Static Discharge  |       |       |     2 ||     2
  Use: Scroll            |       |     7 |       ||     7
       Potion            |       |       |     1 ||     1
Armor: Robe              |     2 |     3 |     7 ||    12
Dodge: Dodged            |     7 |    12 |     4 ||    23

Table legend: (Time is in decaauts)
 A = Elapsed time spent in this place.
 B = Non-inter-level travel time spent in this place.
 C = Inter-level travel time spent in this place.
 D = Time resting spent in this place.
 E = Time spent auto-exploring this place.
 F = Levels seen in this place.
 G = Mean time per level.
                   A        B        C        D        E       F      G
               +--------+--------+--------+--------+--------+-----+--------+
         Total |   5377 |   5208 |    169 |    460 |   4026 |   5 | 1075.4 |
       Dungeon |   5100 |   4963 |    137 |    460 |   3806 |   4 | 1275.0 |
        Temple |    276 |    244 |     32 |      0 |    220 |   1 |  276.0 |
               +--------+--------+--------+--------+--------+-----+--------+

Top non-repeatable levels by time:
     D:1: 1550 daAuts
     D:2: 1364 daAuts
     D:3: 1273 daAuts
     D:4: 912 daAuts
  Temple: 276 daAuts
